AoeStats
← fRodos_

Hill Fort

506114631Analyzed
2v2 RM · 19d ago on Sep 12, 2026· 43m 40s· 4 players
Game mode
Random Map
Map size
Medium (4 player)
Population
200
Speed
Normal
Resources
Standard
Victory
Conquest
Starting age
Dark Age
Ending age
Imperial Age
RankedLock teamsTeams togetherTeam positionsShared explorationLock speedFull tech treeHidden civsTurbo modeCheats
Victory
Defeat
🇦🇺 Mongols · Australia
1144
+13
🇦🇺 Berbers · Australia
1092
+15
🇭🇺 Tatars · Hungary
1096
-14
🇭🇺 Teutons · Hungary
1069
-14
fRodos_
3:39 Loom
5:44 Loom
10:44 Feudal Age
13:04 Double-Bit Axe
17:09 Castle Age
16:49 Bloodlines
16:46 Horse Collar
17:01 Gold Mining
19:53 Forging
20:47 Scale Barding Armor
21:09 Husbandry
23:51 Bow Saw
23:41 Heavy Plow
26:55 Chain Barding Armor
27:50 Wheelbarrow
29:37 Iron Casting
30:06 Fletching
30:38 Padded Archer Armor
31:09 Ballistics
31:00 Masonry
32:22 Silk Armor
33:30 Bodkin Arrow
33:03 Elite Skirmisher
34:32 Stone Mining
35:26 Hand Cart
40:57 Imperial Age
41:54 Timurid Siegecraft
41:55 Siege Engineers
lusza
8:05 Loom
10:06 Feudal Age
10:47 Double-Bit Axe
10:43 Horse Collar
18:50 Castle Age
18:22 Scale Barding Armor
18:31 Bloodlines
19:15 Forging
19:42 Heavy Plow
21:20 Wheelbarrow
23:04 Bow Saw
23:35 Iron Casting
23:35 Gold Mining
26:33 Scale Mail Armor
26:21 Arson
28:34 Squires
33:08 Imperial Age
31:13 Chain Mail Armor
30:50 Fletching
30:51 Gambesons
32:23 Elite Skirmisher
34:31 Stone Mining
35:46 Blast Furnace
35:54 Conscription
37:36 Chemistry
36:57 Ballistics
37:13 Plate Mail Armor
37:04 Chain Barding Armor
37:55 Two-Man Saw
37:34 Crop Rotation
38:29 Hoardings
38:08 Elite Teutonic Knight
39:13 Masonry
39:55 Plate Barding Armor
39:58 Cavalier
40:51 Siege Engineers
40:58 Bodkin Arrow
MasterEel
10:16 Feudal Age
15:49 Castle Age
17:05 Loom
20:56 Wheelbarrow
20:21 Town Watch
23:27 Fletching
27:07 Hand Cart
27:23 Bodkin Arrow
29:36 Padded Archer Armor
29:46 Town Patrol
30:51 Double-Bit Axe
30:52 Horse Collar
33:14 Ballistics
34:08 Forging
36:29 Imperial Age
35:01 Husbandry
35:12 Bloodlines
35:39 Bow Saw
35:23 Stone Mining
35:26 Gold Mining
36:48 Onager
39:13 Chemistry
38:19 Siege Engineers
38:37 Conscription
38:38 Drill
38:58 Nomads
38:54 Siege Onager
39:44 Bracer
41:38 Elite Mangudai
vladtheimpalerofyourmom
11:17 Feudal Age
12:31 Horse Collar
12:39 Double-Bit Axe
16:10 Wheelbarrow
20:14 Castle Age
18:14 Stone Mining
18:15 Gold Mining
20:09 Padded Archer Armor
20:00 Fletching
21:29 Bow Saw
21:58 Heavy Plow
22:37 Stone Shaft Mining
22:40 Gold Shaft Mining
22:25 Hand Cart
24:37 Bodkin Arrow
28:08 Scale Mail Armor
28:27 Leather Archer Armor
32:40 Kasbah
33:49 Scale Barding Armor
33:55 Forging
36:24 Chain Barding Armor
35:52 Light Cavalry
36:43 Bloodlines
36:35 Husbandry
42:14 Imperial Age
42:28 Iron Casting
42:46 Elite Camel Archer
Connection lost

Rejoining the realm…

Still unreachable

The connection could not be restored.

Session expired

The server has moved on; the page needs a fresh start.